Map: Abyssal Reef LE

Players

Duke - Winner!

  • Race: Terran Terran
  • League: Silver
  • Spawn Location: 5:00

A.I. 1 (Hard)

  • Race: Zerg Zerg
  • Spawn Location: 11:00

VOD

Have the link to the VOD?

Description

Time

  • Played on: Aug. 21, 2017, 10:25 p.m.
  • Length: 11:29
Show
View Real Time Build Order
Export as new Build Order

Duke Terran - Winner!

Build Orders:  

Get SALT Encoding   

  12  0:11  Supply Depot  
  12  0:18  Refinery  
  12  0:36  Barracks  
  12  0:43  SCV  
  13  0:51  Refinery  
  13  0:59  SCV  
  14  1:16  SCV  
  15  1:29  SCV  
  15  1:30  Factory  
  16  1:36  Barracks Tech Lab  
  16  2:05  SCV  
  17  2:17  SCV  
  17  2:20  Supply Depot  
  18  2:25  Factory Tech Lab  
  18  2:33  Starport  
  18  2:46  Supply Depot  
  18  3:11  Starport  
  18  3:19  SCV  
  19  3:31  SCV  
  20  3:43  SCV  
  21  3:55  SCV  
  22  4:04  Banshee  
  22  4:08  Starport Tech Lab  
  25  4:29  Banshee  
  28  4:47  Banshee  
  31  5:12  Banshee  
  34  5:30  Banshee  
  37  5:41  Command Center  
  37  6:53  Banshee x2  
  43  7:35  Banshee x2  
  43  9:59  Banshee  
  46  10:01  Banshee  
  49  10:42  Banshee  
Show
View Real Time Build Order
Export as new Build Order

A.I. 1 (Hard) Zerg 

Build Orders: Pool First, Zergling Baneling 

Get SALT Encoding   

  12  0:01  Drone  
  13  0:12  Overlord  
  13  0:16  Drone  
  14  0:30  Drone  
  14  0:32  Drone  
  16  0:43  Spawning Pool  
  16  0:45  Drone  
  17  0:50  Drone  
  17  0:52  Extractor  
  17  0:55  Drone  
  17  1:06  Overlord  
  17  1:31  Queen, Zergling x2  
  20  1:35  Zergling x2  
  20  1:38  Drone, Roach Warren  
  21  1:44  Extractor  
  20  1:49  Drone  
  21  1:55  Baneling Nest  
  21  2:00  Drone  
  21  2:10  Drone  
  22  2:21  Zergling x2  
  23  2:32  Drone  
  24  2:37  Overlord, Zergling x2  
  24  2:42  Zergling x2  
  26  2:46  Baneling x2, Zergling x2  
  26  2:51  Baneling x2  
  27  2:54  Drone  
  28  3:05  Zergling x2  
  29  3:09  Zergling x2  
  29  3:10  Overlord  
  30  3:14  Zergling x2  
  30  3:18  Zergling x2  
  32  3:27  Zergling x2  
  32  3:32  Baneling  
  33  3:37  Baneling  
  33  3:38  Zergling x2  
  34  3:42  Drone, Zergling x2  
  34  3:47  Baneling x3, Zergling x2  
  37  3:51  Zergling x2  
  38  3:58  Evolution Chamber  
  38  4:02  Zergling x2  
  38  4:13  Drone  
  38  4:14  Drone, Overlord  
  40  4:24  Drone  
  41  4:35  Drone  
  42  4:45  Drone  
  43  4:47  Drone  
  44  6:05  Overlord  
  44  6:06  Roach, Metabolic Boost, Zerg Melee Weapons Level 1  
  44  6:07  Burrow  
  44  6:08  Drone, Evolution Chamber  
  46  6:14  Hatchery  
  46  6:16  Roach  
  43  6:33  Zerg Ground Armor Level 1  
  43  6:38  Roach  
  38  6:49  Roach  
  36  7:00  Zergling x2  
  36  7:20  Spore Crawler, Lair  
  35  7:25  Spore Crawler  
  35  7:26  Drone  
  35  7:27  Drone  
  35  7:29  Drone  
  37  7:30  Drone  
  37  7:32  Drone  
  37  7:33  Drone  
  37  7:34  Extractor  
  37  7:35  Drone  
  40  7:41  Drone  
  40  7:43  Drone  
  42  7:44  Roach  
  42  7:47  Drone  
  42  7:49  Drone  
  44  7:52  Drone  
  44  7:53  Drone  
  43  8:01  Zerg Missile Weapons Level 1, Queen  
  43  8:03  Zergling x2  
  38  8:07  Zergling x2  
  38  8:10  Zergling x2  
  36  8:14  Zergling x2  
  36  8:18  Zergling x2  
  36  8:20  Infestation Pit  
  36  8:21  Roach  
  36  8:24  Hydralisk Den  
  36  8:25  Zergling x2  
  31  8:29  Roach, Drone  
  33  8:34  Roach  
  33  8:39  Drone  
  34  8:43  Queen  
  32  8:48  Drone  
  32  8:52  Hydralisk  
  32  8:53  Drone  
  36  9:01  Drone  
  34  9:11  Drone  
  31  9:18  Roach, Hatchery  
  31  9:22  Drone  
  28  9:28  Roach  
  25  9:33  Drone  
  26  9:40  Roach  
  26  9:43  Drone  
  27  9:54  Drone  
  28  10:05  Roach  
  28  10:16  Drone  
  28  10:18  Roach  
  28  10:22  Hydralisk Den  
  28  10:25  Drone x2  
  28  10:26  Drone  
  28  10:29  Overseer, Drone  
  28  10:30  Overseer  
  29  10:37  Zergling x2  
  29  10:40  Zergling x2  
  23  10:46  Hatchery  
  23  10:48  Drone  
  19  10:51  Drone  
  19  10:58  Roach  
Tags
 
League
Silver
Matchup
TvZ
Opening
Pool First
Spawn Locations
Cross Positions
Add a new tag
Caveats
  • Supply blocks, unpowered buildings, or Contaminate may cause inaccurate times.
  • Supply counts are checked every 10 seconds.